 Dungeon Crawl Stone Soup version 0.17.1-3-g152610e (webtiles) character file.

30 Rationalist the Skirmisher (level 3, 0/29 HPs)
             Began as a Demonspawn Berserker on Feb 28, 2016.
             Was a Follower of Trog.
             Slain by an adder (4 damage)
             ... on level 2 of the Dungeon.
             The game lasted 00:02:40 (1373 turns).

Rationalist the Skirmisher (Demonspawn Berserker)   Turns: 1373, Time: 00:02:40

Health: 0/29       AC:  3    Str: 17    XL:     3   Next: 5%
Magic:  3/3        EV: 12    Int:  8    God:    Trog [*.....]
Gold:   75         SH:  0    Dex: 13    Spells: 0 memorised, 2 levels left

rFire  . . .     SeeInvis .     a - +0 hand axe
rCold  . . .     Clarity  .     f - +0 robe
rNeg   . . .     SustAt   .     (no shield)
rPois  .         Gourm    .     (no helmet)
rElec  .         Spirit   .     (no cloak)
rCorr  .         Warding  .     (no gloves)
rMut   .         Stasis   .     (no boots)
MR     .....                    (no amulet)
Stlth  +.........               (no ring)
                                (no ring)

@: not resistant to hostile enchantments, very unstealthy
A: molten scales 1, powered by pain 1
a: Berserk, Burn Spellbooks, Renounce Religion


You were on level 2 of the Dungeon.
You worshipped Trog.
Trog was aware of your devotion.
You were not hungry.

You visited 1 branch of the dungeon, and saw 2 of its levels.

You collected 75 gold pieces.

Inventory:

Hand Weapons
 a - a +0 hand axe (weapon)
Missiles
 s - 18 sling bullets
Armour
 f - a +0 robe (worn)
Jewellery
 r - an uncursed ring of fire {unknown}
Scrolls
 d - a scroll of remove curse {unknown}
 g - 2 scrolls of immolation {unknown}
 h - a scroll of magic mapping {unknown}
 k - a scroll of fear {unknown}
 p - a scroll of fog {unknown}
 q - 2 scrolls of identify {unknown}
Potions
 e - a potion of heal wounds {unknown}
 i - 2 potions of resistance {unknown}
 l - a potion of cure mutation {unknown}
 m - a potion of agility {unknown}
 o - a potion of curing {unknown}
Comestibles
 b - a meat ration
 c - a bread ration
 j - 3 beef jerkies
 n - 2 fruits
 t - a chunk of flesh


   Skills:
 + Level 3.4 Fighting
 + Level 3.1 Axes
 + Level 1.8 Armour
 + Level 2.2 Dodging


You had 2 spell levels left.
You didn't know any spells.

Dungeon Overview and Level Annotations

Branches:
Dungeon (2/15)

Altars:


Innate Abilities, Weirdness & Mutations

You are partially covered in molten scales (AC +1).
You sometimes gain a little power by taking damage.


Message History

Trog accepts your kill.
You have reached level 3!
Your experience leads to an increase in your attributes!
Increase (S)trength, (I)ntelligence, or (D)exterity?
You feel agile.
Your demonic ancestry asserts itself...
Molten scales grow over part of your body.
You see here a worm corpse.
You butcher the worm corpse.
t - 2 chunks of flesh You start resting.
Eating one of 2 chunks of flesh.
This raw flesh tastes terrible.
An adder comes into view.
You continue eating. x2
An adder is nearby!
An adder is nearby!
The adder bites you.
* * * LOW HITPOINT WARNING * * *
You miss the adder. The adder misses you. The adder barely misses you.
You miss the adder. The adder bites you.
You die...

...............# #.#
#...######.....### #.#
#................# #.#
#.########.....#.# #.# # #.#
#.....#.#####.##.####
#.##########..[...............
..........................####
...#########.#.#.####.#####
.#..# #.###S@.# #.# #.#.#
#..#.#..###.#
....#######.#.##......#
............#.##.######
...##.####### ##.# #.###.# #.#
## #.# #.. #.# ### #..


You could see an adder.

Vanquished Creatures
  An adder (D:2)
  A worm (D:2)
  A ball python (D:1)
  4 bats (D:1)
  A hobgoblin (D:2)
  3 kobolds (D:1)
  A giant cockroach (D:1)
  A giant newt (D:2)
  4 goblins
  3 rats (D:1)
20 creatures vanquished.

Notes
Turn   | Place    | Note
--------------------------------------------------------------
     0 | D:1      | Rationalist the Demonspawn Berserker began the quest for the Orb.
     0 | D:1      | Reached XP level 1. HP: 18/18 MP: 1/1
   432 | D:1      | Gained mutation: You sometimes gain a little power by taking damage. [demonic ancestry]
   432 | D:1      | Reached XP level 2. HP: 16/24 MP: 2/2
  1027 | D:2      | Found a faded altar to an unknown god.
  1348 | D:2      | Gained mutation: You are partially covered in molten scales (AC +1). [demonic ancestry]
  1348 | D:2      | Reached XP level 3. HP: 3/29 MP: 3/3
  1373 | D:2      | Slain by an adder

Action                   || total
-------------------------++-------
Melee: Hand axe          ||    87
 Stab: Sleeping          ||     1
  Eat: Chunk             ||     2
